 Dungeon Crawl Stone Soup version 0.29.0-4-gdea44cf6ec (webtiles) character file.

Game seed: 12887775204668122279

10518 qw the Brawler (level 11, -2/99 (109) HPs)
             Began as a Troll Cinder Acolyte on Aug 30, 2022.
             Was a Believer of Ignis.
             Killed from afar by an eidolon (28 damage)
             ... with a bolt of negative energy
             ... on level 2 of the Abyss.
             The game lasted 00:05:15 (7797 turns).

qw the Brawler (Troll Cinder Acolyte)               Turns: 7797, Time: 00:05:16

HP:   -2/99 (109)   AC: 16    Str: 27 (28) XL:     11   Next: 37%
MP:   11/11         EV:  9    Int: 10      God:    Ignis [**....]
Gold: 249           SH:  0    Dex:  5      Spells: 12/12 levels left

rFire   + + .      SeeInvis .     - Unarmed
rCold   + . .      Faith    .   (no shield)
rNeg    . . .      Spirit   .   a - +1 robe {rC+ rF+}
rPois   .          Reflect  .   (helmet restricted)
rElec   .          Harm     .   (no cloak)
rCorr   +          Rampage  .   (gloves unavailable)
Will    .....                   (boots unavailable)
Stlth   +.........              (no amulet)
HPRegen 1.06/turn               h - +4 ring of protection
MPRegen 0.12/turn               i - ring of resist corrosion

@: about to teleport, afraid, fiery-armoured, slowed, drained, very slow
A: large, unfitting armour, claws 3, regeneration 1, shaggy fur 1, tough skin 1
a: Renounce Religion, Fiery Armour, Foxfire Swarm, Rising Flame


You were on level 2 of the Abyss.
You worshipped Ignis.
Ignis was pleased with you.
You visited 1 branch of the dungeon, and saw 9 of its levels.
You visited the Abyss 1 time.

You collected 496 gold pieces.
You spent 247 gold pieces at shops.


Innate Abilities, Weirdness & Mutations

You are too large for most types of armour.
You have claws for hands.
Your natural rate of healing is unusually fast.
You are covered in fur. (AC +1)
You have tough skin. (AC +1)


   Skills:
 - Level 7.1 Fighting
 + Level 1.7 Dodging
 - Level 16.0 Unarmed Combat
 - Level 1.0 Spellcasting
 - Level 2.1 Fire Magic


You had 12 spell levels left.
You didn't know any spells.
Your spell library contained the following spells:

 Spells                   Type           Power      Damage    Failure   Level
 Scorch                   Fire           8%         2d5       22%         2

Inventory:

Armour
 a - a +1 robe of resistance (worn)
 k - a +2 hat
 o - a +1 robe of willpower
Jewellery
 h - a +4 ring of protection (left claw)
 i - a ring of resist corrosion (right claw)
Scrolls
 e - 3 scrolls of identify
 j - 2 scrolls of enchant armour
 m - a scroll of enchant weapon
Potions
 c - a potion of heal wounds
 d - 4 potions of curing
 f - a potion of mutation
 g - 3 potions of might
 l - a potion of haste

Dungeon Overview and Level Annotations

Branches:
Dungeon (9/15)             Temple (0/1) D:5            Lair (0/5) D:9
    Orc: D:9-12

Altars:
Cheibriados
Nemelex Xobeh
Ru
Trog
Uskayaw
Xom
Zin

Shops:
D:4 (   D:5 [**

Annotations:
D:5 1 runed translucent door, qw's ghost, novice TeWr
D:8 1 runed translucent door
D:9 Psyche


Message History

You are no longer poisoned.
An eidolon comes into view.
You closely miss the eidolon. You claw the eidolon!
Your claw misses the eidolon.
The eidolon is lightly damaged.
The eidolon gestures.
The eidolon radiates an aura of fear!
You are terrified of the eidolon!
You scratch the eidolon but do no damage.
The eidolon is lightly damaged.
The eidolon hits you!
The eidolon hits you but does no damage.
You mangle the eidolon!! You claw the eidolon, but do no damage.
The eidolon is heavily damaged.
You claw the eidolon!
The eidolon is severely damaged.
The eidolon stares piercingly at you. The bolt of negative energy hits you!!
You feel drained.
You attempt to attack the eidolon, but flinch away in fear!
The eidolon barely misses you. The eidolon closely misses you.
You closely miss the eidolon.
The eidolon is severely damaged.
You attempt to attack the eidolon, but flinch away in fear!
The eidolon hits you but does no damage.
The eidolon hits you!
You feel weakened.
You attempt to attack the eidolon, but flinch away in fear!
The eidolon hits you! x2
7796 ||| INVOKING Fiery Armour.
A protective cloak of flame settles atop you.
The eidolon hits you. The eidolon drains your vigour!
You feel yourself slow down.
The eidolon hits you but does no damage.
7797 ||| READING scroll of teleportation.
As you read the scroll of teleportation, it crumbles to dust.
You feel strangely unstable.
You feel the power of the Abyss delaying your translocation!
The eidolon stares piercingly at you. The bolt of negative energy hits you!!
You feel drained.
You die...

. #..# .#. . # ...
##.#### ....# .# ##..
..#.....#..# # .##
##........#..#. #
#..## .##...... . .
#...#..#......# # ##
#...# .#...#.#. . .
#.##....#.......#
#... .##.......@W..#
.#.#.#...#.#..###...#
.. ...### .### . ..#
.## # . .# ##.# . .#
## # . . ## .. .. .


You could see an eidolon (scary).

Vanquished Creatures
  3 two-headed ogres
  An orange demon (Abyss:2)
  6 flying skulls (Abyss:2)
  Sigmund (D:6)
  A shadow (D:8)
  7 yaks
  A vampire (D:9)
  4 wraiths (D:8)
  A fire bat (D:8)
  Grum (D:8)
  A steam dragon (D:7)
  Menkaure (D:6)
  5 water moccasins
  2 orc warriors
  An ice beast (D:6)
  3 sky beasts
  2 black bears (D:9)
  3 wolves (D:8)
  2 centaurs
  3 phantoms
  2 kobold brigands
  5 bullfrogs
  3 necrophages
  A gnoll sergeant (D:8)
  5 scorpions
  5 wights (D:9)
  11 killer bees
  2 howler monkeys
  5 hounds
  A jelly (D:5)
  2 orc priests
  A gnoll bouda (D:7)
  5 iguanas
  17 orc wizards
  17 gnolls
  11 adders
  A shadow imp (D:7)
  2 white imps
  A dart slug (D:1)
  29 orcs
  13 bats
  6 endoplasms
  5 giant cockroaches
  6 goblins
  6 hobgoblins
  6 jackals (D:2)
  3 quokkas
  5 ball pythons
  2 frilled lizards (D:2)
  15 kobolds
  5 rats
247 creatures vanquished.

Vanquished Creatures (others)
  A kobold (D:9)
  19 fungi (D:9)
  A lurking horror (Abyss:2)
  25 plants (D:9)
46 creatures vanquished.

Grand Total: 293 creatures vanquished

Notes
Turn   | Place    | Note
-------+----------+-------------------------------------------
     0 | D:1      | qw the Troll Cinder Acolyte began the quest for the Orb.
     0 | D:1      | Reached XP level 1. HP: 22/22 MP: 1/1
     0 | D:1      | 0 ||| qw: Version: 0.1-a-95-gae9e614
     0 | D:1      | 0 ||| qw: Game counter: 4462
     0 | D:1      | 0 ||| qw: Always use a shield: true
     0 | D:1      | 0 ||| qw: God list: Okawaru
     0 | D:1      | 0 ||| qw: Allow faded altars: false
     0 | D:1      | 0 ||| qw: Do Orc after D:15 true
     0 | D:1      | 0 ||| qw: Do second Lair branch before Depths: true
     0 | D:1      | 0 ||| qw: Lair rune preference: random
     0 | D:1      | 0 ||| qw: Plans: Normal
     0 | D:1      | 0 ||| PLANNING D:1-11
   101 | D:1      | Found a faded altar of an unknown god.
   136 | D:1      | Reached XP level 2. HP: 24/29 MP: 2/2
   150 | D:1      | 150 ||| Stepping ~*~*~tactically~*~*~ (stealth).
   177 | D:1      | 177 ||| Stepping ~*~*~tactically~*~*~ (hiding).
   358 | D:1      | Reached skill level 4 in Unarmed Combat
   654 | D:1      | 654 ||| UPGRADING to +4 ring of protection.
   655 | D:1      | 655 ||| READING 2 scrolls labelled IHOCHAOGRA.
   656 | D:1      | 656 ||| READING scroll labelled WASSOC JEGGA.
   657 | D:1      | 657 ||| READING scroll labelled YGILUS SORASO.
   658 | D:1      | 658 ||| READING scroll labelled WYN VEDEMPUXO.
   659 | D:1      | 659 ||| DRINKING 2 lumpy emerald potions.
   685 | D:2      | 685 ||| Stepping ~*~*~tactically~*~*~ (stealth).
   692 | D:2      | Reached XP level 3. HP: 36/36 MP: 3/3
   704 | D:2      | 704 ||| Stepping ~*~*~tactically~*~*~ (stealth).
   706 | D:2      | 706 ||| Stepping ~*~*~tactically~*~*~ (stealth).
   754 | D:2      | 754 ||| Stepping ~*~*~tactically~*~*~ (outnumbered).
   764 | D:2      | 764 ||| Stepping ~*~*~tactically~*~*~ (outnumbered).
   766 | D:2      | 766 ||| Stepping ~*~*~tactically~*~*~ (outnumbered).
   767 | D:2      | 767 ||| Stepping ~*~*~tactically~*~*~ (outnumbered).
   768 | D:2      | 768 ||| Stepping ~*~*~tactically~*~*~ (outnumbered).
   808 | D:2      | 808 ||| Stepping ~*~*~tactically~*~*~ (stealth).
   944 | D:2      | Found a hide-covered altar of Uskayaw.
   976 | D:2      | Reached skill level 5 in Unarmed Combat
   976 | D:2      | Reached XP level 4. HP: 44/44 MP: 4/4
  1364 | D:2      | 1364 ||| Stepping ~*~*~tactically~*~*~ (outnumbered).
  1459 | D:2      | 1459 ||| UPGRADING to ring of resist corrosion.
  1460 | D:2      | 1460 ||| READING 2 scrolls labelled LERETHR WAYH.
  1461 | D:2      | 1461 ||| READING scroll labelled VETHRU TENUKIF.
  1462 | D:2      | 1462 ||| READING 2 scrolls of identify.
  1462 | D:2      | 1462 ||| IDENTIFYING bubbling clear potion
  1463 | D:2      | 1463 ||| DROPPING potion of degeneration.
  1464 | D:2      | 1464 ||| DROPPING scroll of fog.
  1745 | D:3      | Identified the +7 quarterstaff "Irghimm" {holy, rC- rN+++
                  | Will- Int+7}
  2020 | D:3      | Reached XP level 5. HP: 50/50 MP: 5/5
  2023 | D:3      | Reached skill level 6 in Unarmed Combat
  2033 | D:3      | 2033 ||| READING scroll labelled NUBREK PISOGI.
  2034 | D:3      | 2034 ||| READING scroll labelled YHUESMIMIE.
  2039 | D:3      | 2039 ||| DRINKING 2 viscous emerald potions.
  2077 | D:3      | 2077 ||| DROPPING potion of lignification.
  2109 | D:4      | Noticed a phantom
  2118 | D:4      | Killed a phantom
  2204 | D:4      | Reached XP level 6. HP: 58/59 MP: 6/6
  2251 | D:4      | Reached skill level 7 in Unarmed Combat
  2292 | D:4      | 2292 ||| Stepping ~*~*~tactically~*~*~ (stealth).
  2294 | D:4      | 2294 ||| Stepping ~*~*~tactically~*~*~ (stealth).
  2310 | D:4      | 2310 ||| Stepping ~*~*~tactically~*~*~ (stealth).
  2457 | D:4      | 2457 ||| Stepping ~*~*~tactically~*~*~ (stealth).
  2460 | D:4      | 2460 ||| Stepping ~*~*~tactically~*~*~ (stealth).
  2470 | D:4      | 2470 ||| Stepping ~*~*~tactically~*~*~ (stealth).
  2482 | D:4      | 2482 ||| Stepping ~*~*~tactically~*~*~ (stealth).
  2483 | D:4      | 2483 ||| Stepping ~*~*~tactically~*~*~ (stealth).
  2678 | D:4      | Found Uschidopuw's Weapon Shop.
  2838 | D:4      | 2838 ||| READING scroll labelled XAZE QESEE.
  2839 | D:4      | 2839 ||| DRINKING 2 bubbling green potions.
  2840 | D:4      | 2840 ||| READING 3 scrolls of identify.
  2840 | D:4      | 2840 ||| IDENTIFYING yellow potion
  2841 | D:4      | 2841 ||| READING 2 scrolls of identify.
  2841 | D:4      | 2841 ||| IDENTIFYING orange potion
  2842 | D:4      | 2842 ||| DROPPING potion of berserk rage.
  2843 | D:4      | 2843 ||| DROPPING potion of brilliance.
  2844 | D:4      | 2844 ||| Stepping randomly (stuck).
  2845 | D:4      | 2845 ||| Stepping ~*~*~tactically~*~*~ (cloud).
  2893 | D:5      | Entered Level 5 of the Dungeon
  2893 | D:5      | Found a runed translucent door.
  2945 | D:5      | 2945 ||| INVOKING Fiery Armour.
  3011 | D:5      | Reached skill level 8 in Unarmed Combat
  3011 | D:5      | Reached XP level 7. HP: 66/66 MP: 7/7
  3042 | D:5      | Found a staircase to the Ecumenical Temple.
  3049 | D:5      | Reached skill level 3 in Fighting
  3127 | D:5      | 3127 ||| Stepping ~*~*~tactically~*~*~ (stealth).
  3153 | D:5      | Found Neaduho's General Store.
  3161 | D:5      | Found Biwip's General Store.
  3163 | D:5      | Found Husk's Antique Armour Shoppe.
  3167 | D:5      | 3167 ||| BUYING potion of curing (33 gold).
  3167 | D:5      | Bought a potion of curing for 33 gold pieces
  3167 | D:5      | 3167 ||| BUYING potion of might (44 gold).
  3167 | D:5      | Bought a potion of might for 44 gold pieces
  3221 | D:5      | 3221 ||| BUYING scroll of enchant armour (75 gold).
  3221 | D:5      | Bought a scroll of enchant armour for 75 gold pieces
  3221 | D:5      | 3221 ||| BUYING scroll of enchant weapon (75 gold).
  3221 | D:5      | Bought a scroll of enchant weapon for 75 gold pieces
  3221 | D:5      | 3221 ||| BUYING scroll of identify (20 gold).
  3221 | D:5      | Bought a scroll of identify for 20 gold pieces
  3401 | D:5      | Reached skill level 9 in Unarmed Combat
  3432 | D:5      | Noticed qw's ghost (novice TeWr)
  3434 | D:5      | 3434 ||| READING 2 scrolls of identify.
  3434 | D:5      | 3434 ||| IDENTIFYING brown potion
  3435 | D:5      | 3435 ||| DROPPING potion of attraction.
  3464 | D:6      | 3464 ||| STAIRDANCE
  3474 | D:5      | Reached skill level 1 in Dodging
  3485 | D:6      | 3485 ||| STAIRDANCE
  3499 | D:5      | Reached XP level 8. HP: 75/75 MP: 8/8
  3530 | D:6      | 3530 ||| INVOKING Fiery Armour.
  3536 | D:6      | Reached skill level 10 in Unarmed Combat
  3608 | D:6      | 3608 ||| Stepping ~*~*~tactically~*~*~ (hiding).
  3669 | D:6      | Noticed Sigmund
  3684 | D:6      | Killed Sigmund
  3714 | D:6      | 3714 ||| Stepping ~*~*~tactically~*~*~ (stealth).
  3759 | D:6      | 3759 ||| Stepping ~*~*~tactically~*~*~ (stealth).
  3796 | D:6      | Found the +6 Majin-Bo {vamp, MP+6 Int+6}
  3797 | D:6      | Noticed Menkaure
  3798 | D:6      | 3798 ||| Stepping ~*~*~tactically~*~*~ (stealth).
  3800 | D:6      | 3800 ||| Stepping ~*~*~tactically~*~*~ (hiding).
  3809 | D:6      | Killed Menkaure
  3810 | D:6      | Reached skill level 11 in Unarmed Combat
  3897 | D:6      | 3897 ||| Stepping ~*~*~tactically~*~*~ (stealth).
  3898 | D:6      | 3898 ||| Stepping ~*~*~tactically~*~*~ (stealth).
  3900 | D:6      | 3900 ||| Stepping ~*~*~tactically~*~*~ (stealth).
  3904 | D:6      | 3904 ||| Stepping ~*~*~tactically~*~*~ (stealth).
  3914 | D:6      | Reached XP level 9. HP: 83/84 MP: 9/9
  3918 | D:6      | 3918 ||| Stepping ~*~*~tactically~*~*~ (stealth).
  3920 | D:6      | 3920 ||| Stepping ~*~*~tactically~*~*~ (hiding).
  3921 | D:6      | 3921 ||| Stepping ~*~*~tactically~*~*~ (hiding).
  4091 | D:6      | 4091 ||| Stepping ~*~*~tactically~*~*~ (stealth).
  4092 | D:6      | 4092 ||| Stepping ~*~*~tactically~*~*~ (stealth).
  4093 | D:6      | 4093 ||| Stepping ~*~*~tactically~*~*~ (stealth).
  4095 | D:6      | 4095 ||| Stepping ~*~*~tactically~*~*~ (stealth).
  4098 | D:6      | 4098 ||| Stepping ~*~*~tactically~*~*~ (hiding).
  4099 | D:6      | 4099 ||| Stepping ~*~*~tactically~*~*~ (hiding).
  4160 | D:6      | 4160 ||| UPGRADING to +1 robe of willpower.
  4170 | D:6      | 4170 ||| DROPPING +0 robe.
  4171 | D:6      | 4171 ||| DROPPING amulet of magic regeneration.
  4172 | D:6      | 4172 ||| READING scroll labelled OPNUAB ZIUQ.
  4173 | D:6      | 4173 ||| READING scroll labelled XISKA WI NOT.
  4174 | D:6      | 4174 ||| READING scroll labelled JIOJ FONYPLAR.
  4175 | D:6      | 4175 ||| READING 4 scrolls of identify.
  4175 | D:6      | 4175 ||| IDENTIFYING ruby potion
  4176 | D:6      | 4176 ||| READING 3 scrolls of identify.
  4176 | D:6      | 4176 ||| IDENTIFYING murky silvery potion
  4177 | D:6      | 4177 ||| DROPPING potion of invisibility.
  4193 | D:7      | 4193 ||| STAIRDANCE
  4223 | D:7      | 4223 ||| Stepping ~*~*~tactically~*~*~ (stealth).
  4228 | D:7      | 4228 ||| Stepping ~*~*~tactically~*~*~ (stealth).
  4229 | D:7      | 4229 ||| Stepping ~*~*~tactically~*~*~ (outnumbered).
  4231 | D:7      | 4231 ||| Stepping ~*~*~tactically~*~*~ (stealth).
  4233 | D:7      | 4233 ||| Stepping ~*~*~tactically~*~*~ (outnumbered).
  4235 | D:7      | 4235 ||| FLEEEEING.
  4236 | D:7      | 4236 ||| STAIRDANCE
  4272 | D:7      | 4272 ||| Stepping ~*~*~tactically~*~*~ (outnumbered).
  4273 | D:7      | 4273 ||| Stepping ~*~*~tactically~*~*~ (outnumbered).
  4274 | D:7      | 4274 ||| Stepping ~*~*~tactically~*~*~ (outnumbered).
  4275 | D:7      | 4275 ||| Stepping ~*~*~tactically~*~*~ (outnumbered).
  4276 | D:7      | 4276 ||| Stepping ~*~*~tactically~*~*~ (outnumbered).
  4279 | D:7      | 4279 ||| Stepping ~*~*~tactically~*~*~ (outnumbered).
  4280 | D:7      | 4280 ||| Stepping ~*~*~tactically~*~*~ (outnumbered).
  4369 | D:7      | 4369 ||| Stepping ~*~*~tactically~*~*~ (hiding).
  4371 | D:7      | 4371 ||| Stepping ~*~*~tactically~*~*~ (hiding).
  4374 | D:7      | 4374 ||| Stepping ~*~*~tactically~*~*~ (hiding).
  4389 | D:7      | 4389 ||| Stepping ~*~*~tactically~*~*~ (stealth).
  4434 | D:7      | 4434 ||| Stepping ~*~*~tactically~*~*~ (hiding).
  4439 | D:7      | Reached skill level 12 in Unarmed Combat
  4909 | D:7      | 4909 ||| INVOKING Fiery Armour.
  4927 | D:7      | 4927 ||| Stepping ~*~*~tactically~*~*~ (outnumbered).
  4928 | D:7      | 4928 ||| Stepping ~*~*~tactically~*~*~ (outnumbered).
  4929 | D:7      | 4929 ||| Stepping ~*~*~tactically~*~*~ (outnumbered).
  4985 | D:7      | 4985 ||| FLEEEEING.
  4989 | D:7      | 4989 ||| Stepping ~*~*~tactically~*~*~ (hiding).
  5015 | D:7      | 5015 ||| FLEEEEING.
  5016 | D:7      | 5016 ||| FLEEEEING.
  5017 | D:7      | 5017 ||| FLEEEEING.
  5018 | D:7      | 5018 ||| FLEEEEING.
  5019 | D:7      | 5019 ||| FLEEEEING.
  5020 | D:7      | 5020 ||| FLEEEEING.
  5021 | D:7      | 5021 ||| FLEEEEING.
  5022 | D:7      | 5022 ||| FLEEEEING.
  5023 | D:7      | 5023 ||| FLEEEEING.
  5024 | D:7      | 5024 ||| FLEEEEING.
  5384 | D:7      | 5384 ||| UPGRADING to +1 robe of resistance.
  5394 | D:7      | 5394 ||| DROPPING +6 ring of intelligence.
  5395 | D:7      | 5395 ||| READING scroll labelled WUXKOT HIV ZOCWE.
  5396 | D:7      | 5396 ||| READING 4 scrolls of teleportation.
  5570 | D:7      | 5570 ||| READING 3 scrolls of teleportation.
  5583 | D:7      | 5583 ||| READING 2 scrolls of teleportation.
  5613 | D:7      | 5613 ||| Stepping ~*~*~tactically~*~*~ (stealth).
  5614 | D:7      | 5614 ||| READING scroll of teleportation.
  5650 | D:7      | 5650 ||| Stepping ~*~*~tactically~*~*~ (stealth).
  5673 | D:7      | 5673 ||| Stepping randomly (stuck).
  5674 | D:7      | 5674 ||| Stepping randomly (stuck).
  5675 | D:7      | 5675 ||| Stepping randomly (stuck).
  5676 | D:7      | 5676 ||| Stepping randomly (stuck).
  5677 | D:7      | 5677 ||| Stepping randomly (stuck).
  5688 | D:7      | Reached skill level 13 in Unarmed Combat
  5751 | D:7      | 5751 ||| READING 2 scrolls of identify.
  5751 | D:7      | 5751 ||| IDENTIFYING white potion
  5752 | D:7      | 5752 ||| DROPPING potion of flight.
  5792 | D:8      | 5792 ||| Stepping ~*~*~tactically~*~*~ (stealth).
  5794 | D:8      | 5794 ||| Stepping ~*~*~tactically~*~*~ (stealth).
  5795 | D:8      | 5795 ||| Stepping ~*~*~tactically~*~*~ (stealth).
  5821 | D:8      | Noticed a two-headed ogre
  5830 | D:8      | 5830 ||| INVOKING Fiery Armour.
  5831 | D:8      | Killed a two-headed ogre
  5832 | D:8      | Reached XP level 10. HP: 40/96 MP: 10/10
  5921 | D:8      | 5921 ||| Stepping ~*~*~tactically~*~*~ (stealth).
  5922 | D:8      | 5922 ||| Stepping ~*~*~tactically~*~*~ (stealth).
  5925 | D:8      | 5925 ||| Stepping ~*~*~tactically~*~*~ (stealth).
  5951 | D:8      | Reached skill level 14 in Unarmed Combat
  6150 | D:8      | 6150 ||| Stepping ~*~*~tactically~*~*~ (stealth).
  6288 | D:8      | Found a runed translucent door.
  6291 | D:8      | 6291 ||| INVOKING Fiery Armour.
  6336 | D:8      | Found a sparkling altar of Nemelex Xobeh.
  6346 | D:8      | Found a shimmering altar of Xom.
  6356 | D:8      | Found a sparkling altar of Nemelex Xobeh.
  6360 | D:8      | Found a glowing silver altar of Zin.
  6381 | D:8      | Reached skill level 6 in Fighting
  6416 | D:8      | Found a sacrificial altar of Ru.
  6429 | D:8      | Found a hide-covered altar of Uskayaw.
  6460 | D:8      | 6460 ||| Stepping ~*~*~tactically~*~*~ (outnumbered).
  6586 | D:8      | Noticed a two-headed ogre
  6595 | D:8      | 6595 ||| INVOKING Fiery Armour.
  6596 | D:8      | HP: 17/98 [two-headed ogre/+0 giant club (20)]
  6597 | D:8      | 6597 ||| READING 2 scrolls of teleportation.
  6598 | D:8      | 6598 ||| DRINKING 2 potions of heal wounds.
  6599 | D:8      | Killed a two-headed ogre
  6771 | D:8      | 6771 ||| Stepping ~*~*~tactically~*~*~ (stealth).
  6772 | D:8      | 6772 ||| Stepping ~*~*~tactically~*~*~ (stealth).
  6997 | D:8      | 6997 ||| Stepping ~*~*~tactically~*~*~ (stealth).
  7006 | D:8      | Reached skill level 15 in Unarmed Combat
  7008 | D:8      | Noticed Grum
  7009 | D:8      | 7009 ||| INVOKING Fiery Armour.
  7010 | D:8      | 7010 ||| Stepping ~*~*~tactically~*~*~ (hiding).
  7011 | D:8      | 7011 ||| Stepping ~*~*~tactically~*~*~ (hiding).
  7012 | D:8      | 7012 ||| Stepping ~*~*~tactically~*~*~ (hiding).
  7024 | D:8      | Killed Grum
  7084 | D:8      | Found a bloodstained altar of Trog.
  7087 | D:8      | Found a snail-covered altar of Cheibriados.
  7188 | D:8      | Noticed a flayed ghost
  7192 | D:8      | 7192 ||| READING scroll labelled HIORAM HIPEXIC.
  7263 | D:9      | 7263 ||| Stepping ~*~*~tactically~*~*~ (outnumbered).
  7305 | D:9      | 7305 ||| FLEEEEING.
  7306 | D:9      | 7306 ||| FLEEEEING.
  7307 | D:9      | 7307 ||| FLEEEEING.
  7340 | D:9      | 7340 ||| Stepping ~*~*~tactically~*~*~ (outnumbered).
  7343 | D:9      | Reached XP level 11. HP: 105/105 MP: 11/11
  7357 | D:9      | 7357 ||| Stepping ~*~*~tactically~*~*~ (stealth).
  7358 | D:9      | 7358 ||| Stepping ~*~*~tactically~*~*~ (stealth).
  7359 | D:9      | 7359 ||| Stepping ~*~*~tactically~*~*~ (stealth).
  7377 | D:9      | 7377 ||| Stepping ~*~*~tactically~*~*~ (stealth).
  7381 | D:9      | 7381 ||| Stepping ~*~*~tactically~*~*~ (outnumbered).
  7388 | D:9      | 7388 ||| FLEEEEING.
  7389 | D:9      | 7389 ||| FLEEEEING.
  7406 | D:9      | 7406 ||| Stepping ~*~*~tactically~*~*~ (hiding).
  7414 | D:9      | Noticed a two-headed ogre
  7420 | D:9      | Killed a two-headed ogre
  7421 | D:9      | Reached skill level 16 in Unarmed Combat
  7424 | D:9      | Found a staircase to the Lair.
  7559 | D:9      | Noticed Psyche
  7561 | D:9      | 7561 ||| INVOKING Fiery Armour.
  7563 | D:9      | 7563 ||| Stepping ~*~*~tactically~*~*~ (outnumbered).
  7566 | D:9      | 7566 ||| Stepping ~*~*~tactically~*~*~ (outnumbered).
  7569 | D:9      | 7569 ||| Stepping ~*~*~tactically~*~*~ (outnumbered).
  7570 | D:9      | 7570 ||| Stepping ~*~*~tactically~*~*~ (outnumbered).
  7572 | D:9      | 7572 ||| Stepping ~*~*~tactically~*~*~ (outnumbered).
  7573 | D:9      | 7573 ||| Stepping ~*~*~tactically~*~*~ (outnumbered).
  7587 | Abyss:2  | Cast into level 2 of the Abyss (Psyche)
  7620 | Abyss:2  | Found a corrupted altar of Lugonu.
  7625 | Abyss:2  | 7625 ||| Stepping ~*~*~tactically~*~*~ (stealth).
  7784 | Abyss:2  | Noticed an eidolon
  7796 | Abyss:2  | 7796 ||| INVOKING Fiery Armour.
  7796 | Abyss:2  | HP: 24/105 [eidolon (5)]
  7797 | Abyss:2  | 7797 ||| READING scroll of teleportation.
  7797 | Abyss:2  | Killed from afar by an eidolon

Levels and vault maps discovered:
D:1:      nicolae_arrival_memento_mori, layout_basic,
          hellmonk_ecumenical_altar_lost_god
D:2:      layout_basic, basic_altar
D:3:      layout_basic, cheibrodos_gnoll_hut
D:4:      layout_loops_ring, serial_shops, nicolae_shop_bloodbath_and_beyond
D:5:      nicolae_cairo_tiling, layout_rooms, temple_fountains,
          ebering_ghost_reflecting_pool, nicolae_wooded_promenade,
          minmay_misc_feat_plants
D:6:      layout_rooms, uniq_sigmund, uniq_menkaure, uniq_edmund
D:7:      layout_layer_cave, minmay_puff
D:8:      due_megacathedral, layout_basic, minitemple, serial_corexii_hall,
          chequers_hall_statues_wall_a, corexii_hall_statues_i, uniq_grum
D:9:      layout_stronghold, due_lair_maze_entry_diamond, nicolae_wwwww,
          uniq_psyche, uniq_amaemon, uniq_maurice
Abyss:2:  base:
D:9

Skill      XL: |  1  2  3  4  5  6  7  8  9 10 11 |
---------------+----------------------------------+-----
Unarmed Combat | 4 5 6 8 9 11 13 15 16 | 16.0
Fighting       | 3 4 5 6 7 |  7.1
Dodging        | 1 |  1.7
Spellcasting   | |  1.0
Fire Magic     | |  2.1

Action                   |  1- 3 |  4- 6 |  7- 9 | 10-12 || total
-------------------------+-------+-------+-------+-------++-------
Melee: Unarmed           |   104 |   130 |   282 |   212 ||   728
       Punch             |     2 |     5 |     8 |     7 ||    22
Invok: Fiery Armour      |       |     1 |     3 |     5 ||     9
  Use: Scroll            |     4 |     8 |    12 |     3 ||    27
       Potion            |     1 |     2 |       |     1 ||     4
Armor: Robe              |    47 |    44 |   137 |    96 ||   324
       Skin              |       |       |       |     6 ||     6
Dodge: Dodged            |    40 |    41 |    97 |    79 ||   257

Table legend:
 A = Non-vault XP
 B = Vault XP
 C = Vault XP percentage of total XP
 D = Non-vault monster count
 E = Vault monster count
 F = Vault count percentage of total count
                 A         B        C        D         E       F
            +---------+---------+-------+---------+---------+-------
      Total |   11135 |    3892 |  25.9 |     218 |      29 |  11.7
            +---------+---------+-------+---------+---------+-------
        D:1 |      39 |       0 |   0.0 |      21 |       0 |   0.0
        D:2 |     100 |       0 |   0.0 |      26 |       0 |   0.0
        D:3 |      20 |     105 |  84.0 |       6 |       3 |  33.3
        D:4 |     380 |       0 |   0.0 |      19 |       0 |   0.0
        D:5 |     723 |       0 |   0.0 |      17 |       0 |   0.0
        D:6 |    1394 |     398 |  22.2 |      32 |       2 |   5.9
        D:7 |    1381 |     387 |  21.9 |      37 |       4 |   9.8
        D:8 |    3467 |    1613 |  31.8 |      39 |       9 |  18.8
        D:9 |    1835 |    1389 |  43.1 |      14 |      11 |  44.0
    Abyss:2 |    1796 |       0 |   0.0 |       7 |       0 |   0.0
            +---------+---------+-------+---------+---------+-------
